Map: Scythe of Amon

Players

GromSky

  • Race: Protoss Protoss
  • Spawn Location: 5:00

NamroodTuo

  • Race: Zerg Zerg
  • Spawn Location: 5:00

VOD

Have the link to the VOD?

Description

Time

  • Played on: Dec. 28, 2022, 7:45 a.m.
  • Length: 24:39
Show
View Real Time Build Order
Export as new Build Order

GromSky Protoss 

Build Orders:  

Get SALT Encoding   

  12  0:17  Pylon  
  12  0:28  Probe (Chrono Boost)  
  12  0:29  Assimilator  
  13  0:49  Gateway  
  13  0:50  Probe (Chrono Boost)  
  14  1:11  Probe (Chrono Boost)  
  14  1:18  Assimilator  
  15  1:25  Probe (Chrono Boost)  
  16  1:39  Probe (Chrono Boost)  
  17  1:55  Probe (Chrono Boost)  
  17  1:56  Cybernetics Core  
  17  1:59  Solar Efficiency Level 1  
  18  2:10  Probe (Chrono Boost)  
  19  2:22  Sentinel  
  21  2:57  Sentinel, Pylon  
  23  3:20  Probe (Chrono Boost)  
  24  3:37  Stargate  
  24  3:38  Stargate  
  24  3:41  Probe (Chrono Boost)  
  21  4:23  Probe (Chrono Boost)  
  21  4:25  Protoss Air Weapons Level 1  
  22  4:41  Fleet Beacon  
  22  4:47  Probe (Chrono Boost)  
  23  5:07  Probe (Chrono Boost)  
  24  5:21  Probe (Chrono Boost)  
  25  5:33  Pylon, Carrier  
  25  5:36  Probe (Chrono Boost), Pylon  
  26  5:48  Probe (Chrono Boost)  
  33  6:54  Carrier  
  33  7:02  Forge  
  39  7:49  Protoss Air Weapons Level 2  
  39  8:46  Protoss Shields Level 1  
  39  9:50  Photon Cannon  
  39  9:51  Photon Cannon  
  39  9:53  Photon Cannon  
  39  9:54  Carrier  
  39  9:56  Photon Cannon  
  39  9:59  Photon Cannon  
  39  10:05  Shield Battery  
  39  10:07  Shield Battery  
  39  10:09  Shield Battery  
  39  10:13  Shield Battery  
  45  10:38  Protoss Air Armor Level 1  
  45  11:11  Enhanced Targeting  
  45  11:58  Nexus  
  45  12:05  Assimilator, Carrier  
  45  12:10  Assimilator  
  45  12:14  Pylon  
  45  12:17  Probe (Chrono Boost)  
  46  12:20  Pylon  
  46  12:29  Pylon  
  46  12:38  Pylon x2  
  52  12:51  Pylon  
  52  12:55  Pylon x2  
  52  13:13  Photon Cannon  
  52  13:14  Photon Cannon  
  52  13:16  Photon Cannon  
  52  13:19  Photon Cannon  
  52  13:22  Shield Battery  
  52  13:27  Shield Battery  
  52  13:37  Probe (Chrono Boost), Shield Battery  
  53  14:16  Carrier  
  53  14:29  Probe (Chrono Boost)  
  53  14:39  Probe (Chrono Boost)  
  55  14:40  Protoss Air Weapons Level 3  
  55  14:41  Probe (Chrono Boost)  
  56  14:53  Probe (Chrono Boost)  
  63  15:08  Probe (Chrono Boost)  
  64  15:21  Probe (Chrono Boost)  
  65  15:36  Probe (Chrono Boost)  
  65  15:38  Optimized Ordinance  
  66  15:51  Probe (Chrono Boost)  
  67  16:05  Probe (Chrono Boost)  
  68  16:20  Probe (Chrono Boost)  
  68  16:29  Carrier  
  69  16:33  Carrier  
  69  16:40  Twilight Council  
  69  16:59  Fortification Barrier  
  69  17:32  Protoss Shields Level 2  
  81  17:48  Protoss Air Armor Level 2  
  81  19:19  Carrier x2  
  93  20:19  Protoss Air Armor Level 3  
  93  21:03  Carrier x2  
  105  22:03  Unknown  
Show
View Real Time Build Order
Export as new Build Order

NamroodTuo Zerg 

Build Orders:  

Get SALT Encoding   

  12  0:15  Drone x2  
  14  0:21  Overlord  
  14  0:34  Overlord  
  14  0:58  Drone x2  
  14  0:59  Drone  
  14  1:08  Drone  
  18  1:26  Spawning Pool  
  17  1:33  Extractor  
  17  1:34  Drone x2  
  17  1:37  Extractor  
  17  1:51  Drone  
  18  2:02  Zergling x2  
  19  2:18  Drone  
  20  2:30  Drone  
  21  2:43  Drone  
  22  2:51  Metabolic Boost  
  22  2:53  Drone  
  23  3:03  Zergling x2  
  24  3:23  Evolution Chamber  
  22  3:33  Zergling x2  
  22  3:34  Zergling x2  
  24  3:42  Lair  
  24  3:47  Overlord  
  24  4:40  Zerg Ground Armor Level 1  
  24  4:41  Zergling x4  
  24  4:42  Zergling x4  
  28  4:50  Hive  
  27  5:04  Overlord  
  27  5:05  Zergling x2  
  26  6:02  Hydralisk Den  
  26  6:07  Drone x2  
  26  6:08  Drone x3  
  30  6:59  Zerg Melee Weapons Level 1  
  30  7:19  Zergling x6  
  30  7:20  Zergling x4  
  30  7:29  Muscular Augments  
  30  8:41  Hydralisk  
  30  8:42  Hydralisk x5  
  42  9:18  Zerg Missile Weapons Level 1  
  31  11:22  Hydralisk  
  31  11:23  Hydralisk x5  
  43  11:32  Adrenal Overload  
  43  11:51  Heroic Fortitude  
  43  11:57  Hatchery  
  42  12:01  Extractor  
  42  12:02  Extractor  
  40  12:16  Hatchery  
  39  12:20  Overlord x4  
  39  12:26  Zerg Ground Armor Level 2  
  39  13:01  Drone  
  40  13:17  Drone  
  40  13:20  Drone  
  42  13:31  Drone x4  
  42  13:32  Drone x3  
  42  13:35  Ventral Sacs  
  49  13:43  Unknown  
  49  14:27  Zerg Melee Weapons Level 2  
  49  14:33  Drone  
  49  14:34  Drone x13  
  59  15:31  Hydralisk x10  
  59  15:32  Hydralisk x4  
  83  15:59  Hydralisk  
  97  16:00  Hydralisk x2  
  85  16:36  Zerg Missile Weapons Level 2  
  83  17:22  Hydralisk x5  
  83  17:23  Hydralisk  
  83  17:25  Overlord x5  
  83  17:26  Overlord x5  
  83  17:27  Overlord x2  
  73  17:55  Hydralisk  
  73  17:56  Hydralisk x12  
  57  19:00  Hydralisk x7  
  57  19:01  Hydralisk x5  
  81  19:19  Hydralisk x3  
  81  19:39  Drone x2  
  79  19:44  Drone  
  79  19:45  Drone x4  
  62  21:08  Hydralisk  
  62  21:09  Hydralisk x13  
  90  22:43  Hydralisk x6  
  90  22:44  Hydralisk x5  
Tags
 
Commander
KaraxKerrigan
Matchup
Co-op
Replay Pack
Multiplayer
Add a new tag
Caveats
  • Supply blocks, unpowered buildings, or Contaminate may cause inaccurate times.
  • Supply counts are checked every 10 seconds.